 Dungeon Crawl Stone Soup version 0.31.0-12-g77e489cdc1 (webtiles) character file.

Game seed: 12131679282550504370

7309 Curundu the Cleaver (level 10, -13/88 HPs)
             Began as a Minotaur Berserker on Feb 19, 2024.
             Was an Elder of Trog.
             Killed from afar by an efreet (27 damage)
             ... with a fireball
             ... on level 8 of the Dungeon.
             The game lasted 00:23:28 (7690 turns).

Curundu the Cleaver (Minotaur Berserker)            Turns: 7690, Time: 00:23:28

Health: -13/88     AC: 17    Str: 31    XL:     10   Next: 90%
Magic:  9/9        EV: 15    Int:  4    God:    Trog [****..]
Gold:   548        SH:  0    Dex:  9    Spells: 9/9 levels left

rFire   . . .        v - +6 hammer "Duerauq" {flame, rElec rPois Will- Str+4}
rCold   . . .        (no shield)
rNeg    . . .        z - +0 plate armour
rPois   +            A - +1 hat {Will+}
rElec   +            u - +0 cloak {rCorr}
rCorr   +            q - +0 pair of gloves
SInv    .            (no boots)
Will    .....        (no amulet) Stlth
                     g - +5 ring of evasion
HPRegen 0.34/turn    (no ring)
MPRegen 0.11/turn

%: no passive effects
@: on berserk cooldown, slowed, very slow
A: horns 2, retaliatory headbutt
a: Renounce Religion, Berserk, Trog's Hand, Brothers in Arms


You were on level 8 of the Dungeon.
You worshipped Trog.
Trog was greatly pleased with you.
You visited 2 branches of the dungeon, and saw 9 of its levels.

You collected 548 gold pieces.

Inventory:

Hand Weapons
 m - a +2 whip of flaming
 p - a +0 war axe
 v - the +6 hammer "Duerauq" (weapon) {flame, rElec rPois Will- Str+4}
   (You found it on level 6 of the Dungeon)

   Str+4:     It affects your strength (+4).
   rElec:     It insulates you from electricity.
   rPois:     It protects you from poison Will-: It decreases your willpower.
 B - a +4 hand axe
Armour
 q - a +0 pair of gloves (worn)
 u - a +0 cloak of preservation (worn)
 z - a +0 plate armour (worn)
 A - a +1 hat of willpower (worn)
Jewellery
 g - a +5 ring of evasion (left hand)
 x - a ring of willpower
Scrolls
 b - a scroll of amnesia {unknown}
 e - 8 scrolls of identify {unknown}
 h - a scroll of blinking {unknown}
 j - a scroll of vulnerability {unknown}
 l - a scroll of fear {unknown}
 n - a scroll of poison {unknown}
 r - a scroll of butterflies {unknown}
 t - a scroll of immolation {unknown}
Potions
 d - 3 potions of enlightenment {unknown}
 f - 5 potions of curing {unknown}
 i - 3 potions of mutation {unknown}
 k - a potion of cancellation {unknown}
 o - 2 potions of brilliance {unknown}
 s - a potion of lignification {unknown}
 w - 3 potions of degeneration {unknown}


   Skills:
 + Level 8.1 Fighting
 * Level 10.3(10.6) Axes
 - Level 3.2(7.3) Maces & Flails
 + Level 9.1 Armour
 * Level 7.2 Dodging
 * Level 5.7 Stealth
 * Level 5.6 Evocations


You had 9 spell levels left.
You didn't know any spells.
Your spell library was empty.

Dungeon Overview and Level Annotations

Branches:
Dungeon (8/15)             Temple (1/1) D:5
   Lair: D:8-11

Altars:
Ashenzari
Cheibriados
Dithmenos
Elyvilon
Fedhas
Hepliaklqana
Makhleb
Nemelex Xobeh
Okawaru
Qazlal
Ru
Sif Muna
Trog
Uskayaw
Wu Jian
Xom
Yredelemnul
Zin
The Shining One

Shops:
D:5 !


Innate Abilities, Weirdness & Mutations

You have a pair of horns on your head.
You reflexively headbutt those who attack you in melee.


Message History

You headbutt the deep elf pyromancer!
The deep elf pyromancer is severely wounded.
The deep elf pyromancer hits you with a +0 long sword.
You sock the deep elf pyromancer! You burn the deep elf pyromancer.
Your headbutt misses the deep elf pyromancer.
The deep elf pyromancer is almost dead.
The deep elf pyromancer misses you.
You sock the deep elf pyromancer! You burn the deep elf pyromancer.
You kill the deep elf pyromancer!
Trog accepts your kill.
Trog appreciates your killing of a magic user.
You are no longer berserk.
You are exhausted.
You feel yourself slow down. The efreet hits you but does no damage.
Items here: $ ) [ †.
You hit the efreet but do no damage. You headbutt the efreet!
The efreet is lightly wounded.
The efreet gestures at you.
The fireball explodes!
The fireball engulfs you.
The fireball engulfs the efreet.
The efreet completely resists.
You hear a bellow!
You sock the efreet!
The efreet is heavily wounded.
The efreet hits you with a +1 scimitar of flaming!
* * * LOW HITPOINT WARNING * * *
The efreet burns you.
* * * LOW HITPOINT WARNING * * *
The efreet hits you with a +1 scimitar of flaming.
* * * LOW HITPOINT WARNING * * *
The efreet burns you.
* * * LOW HITPOINT WARNING * * *
You hit the efreet but do no damage.
The efreet is heavily wounded.
The efreet hits you but does no damage.
You hit the efreet. You headbutt the efreet!
The efreet is severely wounded.
The efreet closely misses you. The efreet gestures at you.
The fireball explodes!
The fireball engulfs you!!
You die...

.# .Y. #.#
#R# ## #.#
...#. #.#
#.#. #.#
ose#####.#
#.#o..#.#
#.$○#R#.#
###.#@#.#
#.o.#)#.#
#.###)..#
...#..†###
#.####.###
#......#
###
#####.##
#.######..#
#........##


You could see an efreet.

Vanquished Creatures
  Gastronok (D:8)
  A centaur warrior (D:8)
  A deep elf pyromancer (D:8)
  A wolf spider (D:8)
  Pikel (D:5)
  Maggie (D:6)
  Jeremiah (D:7)
  A troll (D:7)
  A tarantella (shapeshifter) (D:8)
  Sigmund (D:6)
  A shadow (D:8)
  A wyvern (D:7)
  A yak (D:8)
  A water moccasin (D:8)
  An acid dragon (D:6)
  2 ice beasts
  2 sky beasts (D:7)
  An orc warrior (D:7)
  A black bear (D:6)
  An ogre (D:4)
  3 centaurs
  A phantom (D:7)
  A kobold brigand (D:5)
  A bullfrog (D:7)
  2 scorpions (D:5)
  13 wights
  A bombardier beetle (D:6)
  3 hounds
  3 orc priests
  A jelly (D:4)
  Crazy Yiuf (D:6)
  A sleepcap (D:4)
  4 iguanas
  3 orc wizards
  3 gnolls (D:7)
  7 adders
  7 river rats (D:5)
  A shadow imp (D:5)
  2 dart slugs
  5 ribbon worms
  23 orcs
  5 endoplasms
  2 giant cockroaches
  5 goblins
  4 hobgoblins
  8 jackals
  13 kobolds
  11 quokkas
  7 ball pythons
  9 bats
  7 frilled lizards
  18 rats
197 creatures vanquished.

Notes
Turn   | Place    | Note
-------+----------+-------------------------------------------
     0 | D:1      | Curundu the Minotaur Berserker began the quest for the Orb.
     0 | D:1      | Reached XP level 1. HP: 19/19 MP: 0/0
    68 | D:1      | Reached skill level 4 in Axes
    68 | D:1      | Reached XP level 2. HP: 17/27 MP: 1/1
   379 | D:1      | Found a faded altar of an unknown god.
   443 | D:2      | Reached ** piety under Trog
   499 | D:2      | Reached XP level 3. HP: 19/33 MP: 2/2
   777 | D:2      | Identified the +0 chain mail of the Chewing Gods {rCorr
                  | Dex+2}
   805 | D:2      | Reached skill level 5 in Axes
   805 | D:2      | Reached XP level 4. HP: 41/41 MP: 3/3
  1266 | D:3      | Found a stormy altar of Qazlal.
  1521 | D:3      | Found a blossoming altar of Fedhas.
  1798 | D:3      | You fall into a shaft and drop 2 floors!
  1798 | D:5      | Entered Level 5 of the Dungeon
  1814 | D:5      | Reached *** piety under Trog
  1826 | D:5      | Reached XP level 5. HP: 41/47 MP: 4/4
  1875 | D:5      | Reached skill level 5 in Fighting
  1982 | D:5      | Identified the +6 dagger of Foolhardiness {holy, Dex+5}
  2048 | D:5      | Reached skill level 1 in Stealth
  2048 | D:5      | Reached skill level 1 in Evocations
  2049 | D:5      | Reached XP level 6. HP: 43/56 MP: 5/5
  2175 | D:5      | Reached skill level 6 in Axes
  2267 | D:5      | Found Koyrphei's Distillery.
  2363 | D:5      | Noticed Pikel
  2386 | D:5      | Killed Pikel
  2387 | D:5      | Reached XP level 7. HP: 42/61 MP: 6/6
  2643 | D:5      | Reached skill level 7 in Axes
  2736 | D:5      | Reached **** piety under Trog
  2737 | D:5      | Reached skill level 5 in Armour
  2998 | D:5      | Found a staircase to the Ecumenical Temple.
  3008 | D:5      | Reached XP level 8. HP: 25/69 MP: 7/7
  3333 | D:6      | Found an iron altar of Okawaru.
  3447 | Temple   | Entered the Ecumenical Temple
  4532 | D:6      | Found a basalt altar of Yredelemnul.
  4533 | D:6      | Found an ornate altar of the Wu Jian Council.
  4535 | D:6      | Noticed Maggie
  4554 | D:6      | Killed Maggie
  4555 | D:6      | Reached skill level 8 in Axes
  4689 | D:6      | Reached skill level 5 in Dodging
  4816 | D:6      | Noticed Sigmund
  4823 | D:6      | Killed Sigmund
  4824 | D:6      | Reached XP level 9. HP: 71/75 MP: 8/8
  5147 | D:6      | Found a broken altar of Ashenzari.
  5188 | D:6      | Found a runed translucent door.
  5189 | D:6      | Noticed Crazy Yiuf
  5191 | D:6      | Identified the +2 hammer of Disharmony {speed, +Blink rElec
                  | rPois Int-4}
  5201 | D:6      | Killed Crazy Yiuf
  5213 | D:6      | Identified the +6 hammer "Duerauq" {flame, rElec rPois
                  | Will- Str+4}
  5371 | D:6      | Reached skill level 9 in Axes
  5682 | D:7      | Noticed Jeremiah
  5703 | D:7      | Killed Jeremiah
  5896 | D:7      | Reached skill level 1 in Maces & Flails
  6363 | D:7      | Found a glowing silver altar of Zin.
  6370 | D:7      | Found a sparkling altar of Nemelex Xobeh.
  6793 | D:7      | Noticed a troll
  6803 | D:7      | Killed a troll
  6804 | D:7      | Reached XP level 10. HP: 69/84 MP: 9/9
  7434 | D:8      | Noticed Gastronok
  7450 | D:8      | Killed Gastronok
  7451 | D:8      | Reached skill level 5 in Stealth
  7451 | D:8      | Reached skill level 5 in Evocations
  7645 | D:8      | Noticed a centaur warrior
  7645 | D:8      | Noticed a deep elf pyromancer
  7646 | D:8      | Noticed a wolf spider
  7651 | D:8      | Killed a centaur warrior
  7652 | D:8      | Reached skill level 10 in Axes
  7669 | D:8      | Killed a wolf spider
  7685 | D:8      | Killed a deep elf pyromancer
  7690 | D:8      | Killed from afar by an efreet

Illustrated notes

Levels and vault maps discovered:
D:1:      dpeg_arrival_solitude, layout_rooms,
          shapermc_ecumenical_altar_pompeii, minmay_misc_feat_square
D:2:      layout_rooms, minivault_27, minmay_divided_ellipse
D:3:      layout_basic, fedhas_altar_2, lemuel_round_altar
D:4:      layout_basic
D:5:      lemuel_ratsnest, layout_basic, minmay_temple_entry_arrows,
          serial_shops, shop, nicolae_eternal_life, minivault_23,
          minmay_misc_feat_doors, corexii_corridor_pit,
          serial_library_hellmonk_layered_room, serial_bayou_crossing,
          uniq_pikel
D:6:      layout_basic, grunt_temple_overflow_open,
          ashenzari_conservatory_becter, mainiacjoe_overflow_catwalk,
          chequers_serial_rivers_marsh, item_on_display_a, uniq_sigmund,
          uniq_maggie, uniq_crazy_yiuf_cottage
D:7:      layout_layer_cave, minitemple, enter_bailey_2, uniq_jeremiah
D:8:      layout_loops_ring, nicolae_doodle_vault, uniq_gastronok
Temple:   minmay_temple_curvy_loop

Skill      XL: |  1  2  3  4  5  6  7  8  9 10 |
---------------+-------------------------------+-----
Axes           | 4 5 6 7 8 9 10 | 10.3
Fighting       | 4 5 6 8 |  8.1
Armour         | 3 4 5 6 7 9 |  9.1
Dodging        | 3 4 5 6 7 |  7.2
Stealth        | 1 2 3 4 5 |  5.7
Evocations     | 1 2 3 4 5 |  5.6
Maces & Flails | 3 |  3.2

Action                     |  1- 3 |  4- 6 |  7- 9 | 10-12 || total
---------------------------+-------+-------+-------+-------++-------
  Melee: Hand axe          |    70 |   192 |    38 |       ||   300
         Headbutt          |     7 |    25 |    47 |    18 ||    97
         War axe           |       |       |    98 |       ||    98
         Punch             |       |       |     1 |       ||     1
         Mace              |       |       |    78 |    61 ||   139
 Invoke: Trog's Hand       |       |     1 |     7 |     1 ||     9
         Berserk           |       |       |     3 |     1 ||     4
    Use: Potion            |       |       |       |     3 ||     3
 Armour: Animal skin       |    30 |       |       |       ||    30
         Ring mail         |    28 |       |       |       ||    28
         Chain mail        |     3 |    95 |   140 |       ||   238
         Plate armour      |       |       |    26 |    65 ||    91
  Dodge: Dodged            |    65 |   127 |   196 |    44 ||   432
